 Dungeon Crawl Stone Soup version 0.29.1-1-gd02db6906a (webtiles) character file.

Game seed: 16358988150421684667

19091 unlimited1921 the Thaumaturge (level 13, -10/79 HPs)
             Began as a Djinni Fire Elementalist on Sept 20, 2022.
             Was a Follower of Fedhas.
             Mangled by Grum
             ... wielding a -2 glaive
              (21 damage)
             ... on level 1 of the Lair of Beasts.
             The game lasted 02:07:01 (25833 turns).

unlimited1921 the Thaumaturge (DjFE)               Turns: 25833, Time: 02:07:01

Health: -10/79     AC: 17    Str:  7    XL:     13   Next: 2%
Gold:   553        EV: 13    Int: 25    God:    Fedhas [*.....] SH: 18 Dex: 23

rFire   + + .      SeeInvis +   Q - +8 scimitar (spect)
rCold   + + +      Faith    .   r - +2 kite shield of Too Many Cooks {rElec rC+ SInv}
rNeg    . . .      Spirit   .   Y - +4 skin of Zhor {*Englaciate rC+++ SInv}
rPois   ∞          Reflect  +   c - +0 helmet {Int+3}
rElec   +          Harm     .   n - +2 cloak
rCorr   .          Rampage  .   B - +1 pair of gloves {Dex+3}
Will    +....                   (boots unavailable)
Stlth   ++++......              G - amulet of reflection
HPRegen 0.23/turn               j - +4 ring of protection
MPRegen 0.00/turn               f - +6 ring of dexterity

@: flying
A: sickness immunity, fire resistance 2, cold vulnerability 1, float, innate
caster, HP casting, extra vitality 1, camouflage 1, wild magic 1
a: Renounce Religion


You were on level 1 of the Lair of Beasts.
You worshipped Fedhas.
Fedhas was aware of your devotion.
You visited 3 branches of the dungeon, and saw 12 of its levels.
You also visited: Ossuary.

You collected 2211 gold pieces.
You spent 1518 gold pieces at shops.
You paid 140 gold pieces to Gozag.

Inventory:

Hand Weapons
 i - the +6 spear of Bankruptcy {elec, Int+2}
   (You took it off a gnoll sergeant on level 5 of the Dungeon)

   It occasionally discharges a powerful burst of electricity upon striking a
   foe.
   Int:       It affects your intelligence (+2).
 I - a +3 war axe of freezing
 K - a +3 long sword
 O - a +9 club
 Q - a +8 spectral scimitar (weapon)
Missiles
 e - 35 poisoned darts
Armour
 c - a +0 helmet of intelligence (worn)
 l - an orb of wrath
 n - a +2 cloak (worn)
 r - the +2 kite shield of Too Many Cooks (worn) {rElec rC+ SInv}
   (You took it off a gnoll sergeant on level 5 of the Dungeon)

   rC:        It protects you from cold.
   rElec:     It insulates you from electricity.
   SInv:      It lets you see invisible.
 B - a +1 pair of gloves of dexterity (worn)
 E - a scarf of invisibility
 N - +0 acid dragon scales
 Y - the +4 skin of Zhor (worn) {*Englaciate rC+++ SInv}
   (You found it on level 9 of the Dungeon)

   It radiates cold, occasionally slowing all nearby creatures who are not
   resistant to cold.
   rC:        It renders you almost immune to cold.
   SInv:      It lets you see invisible.
Jewellery
 f - a +6 ring of dexterity (right hand)
 j - a +4 ring of protection (left hand)
 k - a ring of positive energy
 s - a +4 ring of evasion
 D - an amulet of the acrobat
 G - an amulet of reflection (around neck)
Wands
 o - a wand of light (5)
 q - a wand of roots (9)
 t - a wand of paralysis (11)
 M - a wand of mindburst (2) (quivered)
 S - a wand of polymorph (8)
 V - a wand of digging (8)
Scrolls
 h - 4 scrolls of immolation
 p - 2 scrolls of magic mapping {unknown}
 u - 2 scrolls of silence
 v - a scroll of butterflies {unknown}
 y - a scroll of poison
Potions
 a - 2 potions of might
 b - 4 potions of lignification
 d - 2 potions of magic {unknown}
 g - 2 potions of cancellation
 w - 2 potions of invisibility {unknown}
 x - 2 potions of mutation
 z - 2 potions of brilliance {unknown}
 A - 3 potions of resistance {unknown}
 J - 4 potions of ambrosia
 L - 3 potions of curing
 R - 2 potions of flight {unknown}
 W - a potion of heal wounds
Miscellaneous
 Z - a box of beasts


   Skills:
 + Level 2.2 Fighting
 + Level 1.9 Long Blades
 + Level 5.9 Armour
 + Level 4.2 Dodging
 + Level 4.6 Stealth
 * Level 4.8 Shields
 + Level 13.8 Spellcasting
 + Level 1.5 Evocations


You had 9 spell levels left.
You knew the following spells:

 Your Spells              Type           Power      Damage    Failure   Level
a - Foxfire               Conj/Fire      100%       2x1d9     1%          1
b - Scorch                Fire           100%       2d10      1%          2
c - Conjure Flame         Conj/Fire      84%        6-21      1%          3
d - Inner Flame           Hex/Fire       84%        N/A       1%          3
e - Flame Wave            Conj/Fire      84%        2d18      1%          4
f - Sting                 Tmut/Pois      100%       1d8       1%          1
g - Poisonous Vapours     Pois/Air       100%       N/A       1%          2
h - Static Discharge      Conj/Air       84%        3-14/arc  1%          2
i - Ozocubu's Armour      Ice            84%        N/A       1%          3
j - Cause Fear            Hex            42%        N/A       1%          4
k - Lee's Rapid Deconstr  Erth           42%        3d21*     1%          5
Your spell library was empty.

Dungeon Overview and Level Annotations

Branches:
Dungeon (10/15)            Temple (1/1) D:5            Lair (1/5) D:10
Ossuary (visited)
    Orc: D:9-12

Altars:
Ashenzari
Cheibriados
Dithmenos
Elyvilon
Fedhas
Gozag
Hepliaklqana
Makhleb
Nemelex Xobeh
Okawaru
Qazlal
Ru
Trog
Uskayaw
Wu Jian
Xom
Yredelemnul
Zin
The Shining One

Shops:
D:1 [   D:4 [(

Annotations:
Lair:1 Grum


Innate Abilities, Weirdness & Mutations

You are immune to sickness and miasma.
You are immune to poison.
Your flesh is very heat resistant. (rF++)
You are vulnerable to cold. (rC-)
You float through the air rather than walking.
You learn spells naturally, not from books.
Your magical power is your life essence.
You have superior vitality. (+4 MHP)
Your skin changes colour to match your surroundings (Stealth+).
Your spells are a little harder to cast, but a little more powerful.


Message History

Your surroundings suddenly seem different.
Grum and 4 wolves come into view.
Gozag incites Grum against you.
Grum growls angrily.
Grum goes berserk!
Found 14 gold pieces.
The wolf howls! x3
You block Grum's attack. You block the wolf's attack. Grum closely misses you.
You block the wolf's attack.
You hear an angry hiss.
You block the wolf's attack. The wolf bites you but does no damage.
You hear an angry hiss.
You hear an angry hiss.
You hear a roar!
You block the wolf's attack. The wolf attacks as you move away!
The wolf bites you.
* * * LOW HITPOINT WARNING * * *
You hear an angry hiss.
You block the wolf's attack.
You hear an angry growl.
You are too injured to fight recklessly!
You block the wolf's attack. The wolf bites you.
* * * LOW HITPOINT WARNING * * *
Casting: Scorch (safe; 1% risk of failure)
Confirm with . or Enter, or press ? or * to list all spells.
Aiming: Lee's Rapid Deconstruction (dangerous; 1% risk of failure)
Press: ? - help, Dir - move target A rock wall.
The wall shatters!
The blast of rock fragments hits the wolf!!
You kill the wolf!
Fedhas appreciates your contribution to the ecosystem.
The blast of rock fragments hits Grum!!
Grum is heavily wounded.
The blast of rock fragments hits the wolf!!
You kill the wolf!
Fedhas appreciates your contribution to the ecosystem.
* * * LOW HITPOINT WARNING * * *
You hear a croak.
You hear an angry hiss. x4; You hear a roar!
Grum hits you from afar with a -2 glaive!!
You die...
Fedhas appreciates your contribution to the ecosystem.

...r....#
##..##..#
##### #≈
#~.#####
#≈.....####
#.@†#.#
###.gh##
####h.###
#≈≈≈....#
#~~≈.h.##
#~~~≈....#
####≈...##
##....
##...


You could see Grum (berserk, incited) and 2 wolves.

Vanquished Creatures
  Gastronok (Lair:1)
  A hydra (Lair:1)
  A catoblepas (Lair:1)
  2 two-headed ogres (D:9)
  A manticore (D:8)
  5 elephants
  A black mamba (Lair:1)
  Joseph (Lair:1)
  The ghost of Iusername the Covered, a novice MiFi (D:5)
  Maggie (D:7)
  An unseen horror (D:10)
  A cane toad (Lair:1)
  3 rime drakes
  Psyche (D:8)
  A hornet (D:8)
  2 shadows
  18 yaks
  A vampire (D:10)
  A wyvern (D:7)
  4 basilisks
  8 vampire mosquitoes (D:10)
  Menkaure (D:7)
  A steam dragon (D:9)
  An acid dragon (D:9)
  7 water moccasins
  Duvessa (D:7)
  4 orc warriors
  2 black bears
  An ice beast (D:6)
  11 wolves (Lair:1)
  A centaur (D:6)
  A phantom (D:5)
  3 bullfrogs
  2 kobold brigands
  4 gnoll sergeants
  A scorpion (D:6)
  12 wights
  Dowan (D:7)
  7 howler monkeys
  7 orc priests
  3 jellies
  Crazy Yiuf (D:7)
  A gnoll bouda (D:5)
  3 hounds
  5 iguanas
  Jessica (D:2)
  Ijyb (D:3)
  7 orc wizards
  8 mummies (Ossuary)
  16 gnolls
  18 adders
  A shadow imp (D:6)
  An ufetubus (D:7)
  A worm (D:3)
  9 dart slugs
  22 orcs
  6 bats
  8 endoplasms
  6 giant cockroaches
  7 goblins
  10 hobgoblins
  2 jackals (D:3)
  2 quokkas
  5 ball pythons
  2 frilled lizards
  A gnoll zombie (Ossuary)
  2 hobgoblin zombies (Ossuary)
  15 kobolds
  3 kobold zombies (Ossuary)
  2 orc zombies (Ossuary)
  7 rats
  2 bushes (D:7)
302 creatures vanquished.

Vanquished Creatures (collateral kills)
  A yak (D:9)
  A foxfire (D:1)
2 creatures vanquished.

Vanquished Creatures (others)
  8 bushes (Lair:1)
  493 foxfires
  17 fungi
  145 plants
  2 withered plants (D:3)
665 creatures vanquished.

Grand Total: 969 creatures vanquished

Notes
Turn   | Place    | Note
-------+----------+-------------------------------------------
     0 | D:1      | unlimited1921 the Djinni Fire Elementalist began the quest
                  | for the Orb.
     0 | D:1      | unlimited1921 set off with the following spells memorised:
                  | Foxfire, Scorch, Conjure Flame, Inner Flame, Flame Wave.
     0 | D:1      | Reached XP level 1. HP: 15/15 MP: 0/0
   360 | D:1      | Reached XP level 2. HP: 16/21 MP: 0/0
   931 | D:1      | Reached skill level 3 in Spellcasting
  1079 | D:1      | Reached XP level 3. HP: 19/25 MP: 0/0
  1079 | D:1      | Learned a level 1 spell: Sting
  1152 | D:1      | Found Fucsepey's Antique Armour Emporium.
  2774 | D:2      | Reached XP level 4. HP: 28/31 MP: 0/0
  3439 | D:2      | You are sucked into a shaft and drop 1 floor!
  3450 | D:3      | Noticed Ijyb
  3550 | D:3      | Killed Ijyb
  3551 | D:3      | Reached skill level 4 in Spellcasting
  3551 | D:3      | Reached XP level 5. HP: 23/35 MP: 0/0
  3551 | D:3      | Learned a level 2 spell: Poisonous Vapours
  4059 | D:3      | Found a faded altar of an unknown god.
  5332 | D:3      | Found a hide-covered altar of Uskayaw.
  5429 | D:4      | Found a broken altar of Ashenzari.
  5438 | D:4      | Reached XP level 6. HP: 35/40 MP: 0/0
  5524 | D:4      | Noticed a black bear
  5781 | D:4      | Reached skill level 1 in Armour
  5791 | D:4      | Reached skill level 5 in Spellcasting
  6043 | D:4      | Found a sand-covered staircase.
  6049 | Ossuary  | Entered an ossuary
  6079 | Ossuary  | Reached XP level 7. HP: 8/45 MP: 0/0
  6079 | Ossuary  | Learned a level 2 spell: Static Discharge
  7005 | D:4      | Found Men Sost's Antique Armour Shoppe.
  7303 | D:4      | Found Leyxuq's Antique Weapon Shop.
  7706 | D:5      | Entered Level 5 of the Dungeon
  7706 | D:5      | Found a glowing golden altar of the Shining One.
  7826 | D:5      | Reached skill level 6 in Spellcasting
  7971 | D:5      | Identified the +6 spear of Bankruptcy {elec, Int+2}
  7971 | D:5      | Identified the +1 ring mail of the Bouncing Beasts {-Tele
                  | Str+4 Stlth+}
  7971 | D:5      | Identified the +2 kite shield of Too Many Cooks {rElec rC+
                  | SInv}
  7972 | D:5      | Noticed Iusername's ghost (novice MiFi)
  7995 | D:5      | Found a transporter.
  8206 | D:5      | Reached XP level 8. HP: 35/50 MP: 0/0
  8472 | D:5      | Found a transporter.
  8544 | D:5      | Found a blossoming altar of Fedhas.
  8564 | D:5      | Found a staircase to the Ecumenical Temple.
  8701 | Temple   | Entered the Ecumenical Temple
  8749 | Temple   | Became a worshipper of Gozag Ym Sagoz the Greedy
  9219 | D:4      | Bought a pair of embroidered gloves for 202 gold pieces
  9426 | D:5      | Found a hazy altar of Hepliaklqana.
  9677 | D:5      | Found a burning altar of Makhleb.
  9752 | D:6      | Reached skill level 7 in Spellcasting
 10142 | D:6      | Found a glowing golden altar of the Shining One.
 10271 | D:6      | Found an ornate altar of the Wu Jian Council.
 11033 | D:7      | Noticed Maggie
 11040 | D:7      | Reached XP level 9. HP: 35/55 MP: 0/0
 11040 | D:7      | Learned a level 3 spell: Ozocubu's Armour
 11040 | D:7      | Killed Maggie
 11041 | D:7      | Reached skill level 8 in Spellcasting
 11387 | D:7      | Noticed Duvessa
 11393 | D:7      | Killed Duvessa
 11691 | D:7      | Noticed Dowan
 11695 | D:7      | Killed Dowan
 11706 | D:7      | Reached skill level 9 in Spellcasting
 12089 | D:7      | Found a glowing silver altar of Zin.
 12328 | D:7      | Noticed Menkaure
 12334 | D:7      | Killed Menkaure
 12463 | D:7      | Found an iron altar of Okawaru.
 12669 | D:7      | Found a stormy altar of Qazlal.
 14400 | D:7      | Found a runed translucent door.
 14401 | D:7      | Noticed Crazy Yiuf
 14656 | D:8      | Noticed Psyche
 14662 | D:8      | Killed Psyche
 14663 | D:8      | Reached XP level 10. HP: 35/60 MP: 0/0
 14923 | D:8      | Reached skill level 10 in Spellcasting
 16309 | D:9      | Noticed a manticore
 16320 | D:8      | HP: 3/60 [manticore (8)]
 16722 | D:8      | Killed a manticore
 16776 | D:9      | Noticed a two-headed ogre
 16879 | D:9      | Reached skill level 1 in Shields
 16890 | D:9      | Killed a two-headed ogre
 17212 | D:9      | Reached skill level 11 in Spellcasting
 17221 | D:9      | Reached skill level 1 in Evocations
 17221 | D:9      | Reached XP level 11. HP: 52/66 MP: 0/0
 17221 | D:9      | Learned a level 4 spell: Cause Fear
 17559 | D:9      | Reached skill level 5 in Armour
 17660 | D:9      | Noticed a two-headed ogre
 17822 | D:9      | Killed a two-headed ogre
 17823 | D:9      | Reached skill level 1 in Fighting
 18053 | D:9      | Found a snail-covered altar of Cheibriados.
 18175 | D:10     | Entered Level 10 of the Dungeon
 18311 | D:10     | Noticed an elephant
 18317 | D:10     | Reached skill level 1 in Long Blades
 18322 | D:10     | Killed an elephant
 19700 | D:9      | Found the +4 skin of Zhor {*Englaciate rC+++ SInv}
 19783 | D:9      | Reached skill level 12 in Spellcasting
 20510 | D:10     | Reached XP level 12. HP: 14/74 MP: 0/0
 21439 | D:10     | Found a sparkling altar of Nemelex Xobeh.
 21461 | D:10     | Found a staircase to the Lair.
 21963 | D:2      | Noticed Jessica
 21964 | D:2      | Killed Jessica
 22071 | D:1      | Bought a shiny orb for 336 gold pieces
 22071 | D:1      | Bought a shiny helmet for 210 gold pieces
 22071 | D:1      | Bought a pair of embroidered gloves for 210 gold pieces
 22071 | D:1      | Bought a glowing orb for 336 gold pieces
 22071 | D:1      | Bought a glowing scarf for 224 gold pieces
 22249 | D:1      | Gained mutation: Your skin changes colour to match your
                  | surroundings (Stealth+). [potion of mutation]
 22249 | D:1      | Gained mutation: Your spells are a little harder to cast,
                  | but a little more powerful. [potion of mutation]
 22343 | D:5      | Paralysed by a gnoll for 4 turns
 22804 | D:5      | Killed Iusername's ghost
 23137 | D:5      | Fell from the grace of Gozag
 23137 | D:5      | Became a worshipper of Fedhas Madash
 23243 | D:7      | Killed Crazy Yiuf
 23375 | Lair:1   | Entered Level 1 of the Lair of Beasts
 23448 | Lair:1   | Noticed a catoblepas
 23478 | Lair:1   | Killed a catoblepas
 23479 | Lair:1   | Reached skill level 13 in Spellcasting
 23889 | Lair:1   | Noticed a seven-headed hydra
 23896 | Lair:1   | HP: 3/74 [seven-headed hydra (13)]
 24242 | Lair:1   | Killed a seven-headed hydra
 24449 | Lair:1   | Reached * piety under Fedhas
 24688 | Lair:1   | Noticed a four-headed hydra
 25024 | Lair:1   | Noticed Joseph
 25028 | Lair:1   | Killed Joseph
 25100 | Lair:1   | Found a hazy altar of Hepliaklqana.
 25276 | Lair:1   | Noticed Gastronok
 25420 | Lair:1   | Killed Gastronok
 25607 | Lair:1   | Reached XP level 13. HP: 70/79 MP: 0/0
 25607 | Lair:1   | Learned a level 5 spell: Lee's Rapid Deconstruction
 25819 | Lair:1   | HP: 1/79 [four-headed hydra (8)]
 25827 | Lair:1   | Noticed Grum
 25833 | Lair:1   | Mangled by Grum

Illustrated notes

Levels and vault maps discovered:
D:1:      giann_bridges, layout_loops_ring, serial_shops, shop_statue
D:2:      layout_basic, serial_curves, eino_curves_01, eino_curves_04,
          uniq_jessica
D:3:      layout_loops_ring, general_overflow_altar,
          ebering_ecumenical_altar_petrified, minmay_misc_feat_columns,
          uniq_ijyb
D:4:      layout_basic, mainiacjoe_overflow_catwalk, serial_shops,
          nicolae_square_shop, nicolae_ossuary_entry_plus,
          nicolae_take_the_stairs, minmay_misc_feat_roman
D:5:      layout_loops_ring, mainiacjoe_overflow_six_doors_small,
          vehumet_crystals, makhleb_heckhound_becter, minmay_temple_entry_grid,
          gammafunk_ghost_gnarly_gnolls, hangedman_feature_mirror,
          corner_web_ring
D:6:      layout_loops_ring, nicolae_wu_jian_wuxing_cycle,
          nicolae_tso_swordbearing_angel
D:7:      layout_rooms, mainiacjoe_overflow_paths,
          mainiacjoe_overflow_concentric_impassable,
          kennysheep_okawaru_gauntlet, minmay_misc_feat_square,
          uniq_crazy_yiuf_cottage, uniq_maggie, uniq_menkaure, uniq_duvessa
D:8:      layout_layer_cave, uniq_psyche
D:9:      layout_roguey, kennysheep_slug_shrine, hellmonk_guarded_unrand_zhor
D:10:     layout_cave_pools, nemelex_diamond_rough_becter, david_lair_generic
Temple:   nicolae_temple_ecumenical_triangle
Lair:1:   lemuel_reptile_caves, layout_concentric_octagons, basic_altar,
          serial_forest, infiniplex_forest_straight_3,
          infiniplex_forest_corner_1, infiniplex_forest_clump_diagonal,
          infiniplex_forest_clump_diagonal, infiniplex_forest_end_1,
          infiniplex_forest_lined_3, infiniplex_forest_lined_1,
          infiniplex_forest_straight_4, infiniplex_forest_clump_small,
          beast_lair_carwin_9, serial_bayou_shore_b, uniq_joseph,
          uniq_gastronok, uniq_grum

Skill      XL: |  1  2  3  4  5  6  7  8  9 10 11 12 |
---------------+-------------------------------------+-----
Spellcasting   | 3 4 5 6 7 9 11 12 13 | 13.8
Stealth        | 2 3 4 |  4.6
Armour         | 1 2 3 4 5 |  5.9
Shields        | 1 2 4 |  4.8
Evocations     | 1 |  1.5
Fighting       | 1 2 |  2.2
Dodging        | 3 4 |  4.2
Long Blades    | 1 |  1.9

Action                   |  1- 3 |  4- 6 |  7- 9 | 10-12 | 13-15 || total
-------------------------+-------+-------+-------+-------+-------++-------
Melee: Spear             |       |       |   159 |       |       ||   159
       Punch             |       |       |     1 |       |       ||     1
       Hand axe          |       |       |       |     2 |       ||     2
       Scimitar          |       |       |       |    23 |     1 ||    24
 Cast: Foxfire           |    49 |    44 |    81 |   124 |    10 ||   308
       Scorch            |    19 |    20 |    60 |    87 |     3 ||   189
       Poisonous Vapours |       |    28 |    21 |    46 |       ||    95
       Inner Flame       |       |    17 |    45 |    78 |     2 ||   142
       Flame Wave        |       |       |       |     8 |       ||     8
       Cause Fear        |       |       |       |     5 |       ||     5
       Ozocubu's Armour  |       |       |       |     1 |       ||     1
       Conjure Flame     |       |       |       |     1 |       ||     1
       Lee's Rapid Decon |       |       |       |       |     4 ||     4
Evoke: Wand              |       |       |       |     9 |       ||     9
  Use: Scroll            |       |       |     8 |    13 |     3 ||    24
       Potion            |       |       |       |    12 |     1 ||    13
Armor: Leather armour    |       |     1 |     3 |       |       ||     4
       Acid dragon scale |       |       |     1 |    20 |       ||    21
       Animal skin       |       |       |       |    28 |     7 ||    35
Dodge: Dodged            |     8 |     1 |    21 |    88 |     6 ||   124
Block: Other             |       |       |     6 |    19 |       ||    25
       Kite shield       |       |       |       |    43 |    25 ||    68
       Reflection        |       |       |       |     1 |       ||     1
